 Dungeon Sprint DCSS version 0.32-a0-918-g0f22ef8d61 (webtiles) character file.

Game seed: 2447425093307669938

39 Conn the Firebug (level 3, -9/31 HPs)
             Began as an Octopode Fire Elementalist on Apr 10, 2024.
             Was a Believer of Sif Muna.
             Mangled by a warg (20 damage)
             ... in the Dungeon (Sprint VII: "The Pits").
             The game lasted 00:04:11 (347 turns).

Conn the Firebug (Octopode Fire Elementalist)        Turns: 347, Time: 00:04:12

Health: -9/31      AC:  1    Str:  7    XL:     3   Next: 45%
Magic:  7/7        EV: 12    Int: 19    God:    Sif Muna [**....]
Gold:   0          SH:  0    Dex: 12    Spells: 2/8 levels left

rFire   . . .        g - +2 falchion
rCold   . . .        (no shield)
rNeg    . . .        (helmet restricted)
rPois   .            (no amulet)
rElec   .            (no ring)
rCorr   .            (no ring)
SInv    .            (no ring)
Will    .....        (no ring) Stlth
                     (no ring)
HPRegen 0.25/turn    (no ring)
MPRegen 0.10/turn    (no ring)
                     (no ring)

%: no teleportation
@: berserking, invisible, very quick
A: almost no armour, amphibious, 8 rings, camouflage 1, gelatinous body 1,
(nimble swimmer 1), tentacles
a: Renounce Religion, Channel Magic


You were in the Dungeon.
You worshipped Sif Muna.
Sif Muna was pleased with you.
You visited 1 branch

Inventory:

Hand Weapons
 g - a +2 falchion (weapon)
Scrolls
 i - 2 scrolls of vulnerability
 j - 5 scrolls of amnesia
Potions
 a - 5 potions of magic
 b - a potion of curing
 d - a potion of haste
 e - a potion of berserk rage
 h - a potion of invisibility


   Skills:
 + Level 3.0 Dodging
 + Level 4.1 Stealth
 * Level 3.4 Spellcasting
 * Level 2.9 Conjurations
 + Level 4.3 Fire Magic
 + Level 1.8 Invocations


You had 2 spell levels left.
You knew the following spells:

 Your Spells              Type           Power      Damage    Failure   Level
a - Foxfire               Conj/Fire      68%        2x1d7     3%          1
b - Scorch                Fire           38%        2d6       3%          2
c - Inner Flame           Hex/Fire       11%        N/A       19%         3

Your spell library contained the following spells:

 Spells                   Type           Power      Damage    Failure   Level
 Volatile Blastmotes      Fire/Tloc      22%        2d11      19%         3
 Flame Wave               Conj/Fire      17%        2d7       32%         4


Dungeon Overview and Level Annotations

Branches:
Dungeon (1/1)

Altars:
Ashenzari
Cheibriados
Dithmenos
Elyvilon
Fedhas
Gozag
Hepliaklqana
Kikubaaqudgha
Makhleb
Nemelex Xobeh
Okawaru
Qazlal
Ru
Sif Muna
Trog
Uskayaw
Vehumet
Wu Jian
Xom
Yredelemnul
Zin
The Shining One
Beogh
Jiyva
Lugonu


Innate Abilities, Weirdness & Mutations

You cannot wear most types of armour.
You are amphibious.
You can wear up to eight rings at the same time.
Your skin changes colour to match your surroundings (Stealth+).
Your rubbery body absorbs attacks. (AC +1, EV +1)
((You are camouflaged when in or above water. (Stealth+)))
You have tentacles for arms and can constrict up to eight enemies at once.


Message History

You feel yourself speed up.
You start resting.
You recover from your berserk rage.
You start resting.
Magic restored.
You open the door.
There is an open door to the Storerooms (Easy) here.
Okay, then.
Unknown command.
Unknown command.
Unknown command.
Okay, then.
Unknown command.
You open the door.
The warg howls!
You barely miss the bullfrog.
The bullfrog gives a loud, deep croak!
Your grab misses the bullfrog. You squeeze the bullfrog.
The bullfrog is lightly wounded.
The bullfrog hits you. x2
Unknown command.
You fade into invisibility!
The bullfrog hits you. The bullfrog closely misses you.
The warg stops to sniff the ground.
The bullfrog misses you. The bullfrog closely misses you.
The bullfrog closely misses you.
There is an open door here.
Things that are here:
a +2 quarterstaff; a +2 trident
Casting: Foxfire (safe; 3% risk of failure)
Confirm with . or Enter, or press ? or * to list all spells.
Okay, then.
As you read the scroll of summoning, it crumbles to dust.
Wisps of shadow whirl around you... The warg bites you.
A red film seems to cover your vision as you go berserk!
You feel yourself moving faster!
You feel mighty! The warg bites you!!
Ouch! That really hurt!
You die...

############ #_________.#
#_________.#
#_______...###########++#
##########x##............
#..(.'x)@h.##......#..#..
##########.##............
#.......h...'............
#'#####'#####......#..#..
#.#..#.÷)'.##............
#h#..#...#.#####'#####++#
#h#..#####.##.......#
#.#.†'..†#.##.......#
#.#..'...'.##.......#


You could see a warg (ally target) and 2 friendly small abominations.

Vanquished Creatures
  A mummy (D)
  2 river rats (D)
  A bat (D)
  An endoplasm (D)
  A goblin (D)
  A hobgoblin (D)
  A ball python zombie (D)
  A frilled lizard (D)
  A quokka zombie (D)
10 creatures vanquished.

Vanquished Creatures (others)
  20 foxfires (D)
20 creatures vanquished.

Grand Total: 30 creatures vanquished

Notes
Turn   | Place    | Note
-------+----------+-------------------------------------------
     0 | D        | Conn the Octopode Fire Elementalist began the quest for the
                  | Orb.
     0 | D        | Reached XP level 1. HP: 11/11 MP: 3/3
    46 | D        | Found a glowing golden altar of the Shining One.
    46 | D        | Found a glowing silver altar of Zin.
    46 | D        | Found a basalt altar of Yredelemnul.
    46 | D        | Found a shimmering altar of Xom.
    46 | D        | Found an ornate altar of the Wu Jian Council.
    46 | D        | Found a bloodstained altar of Trog.
    46 | D        | Found a shimmering blue altar of Sif Muna.
    46 | D        | Found a sacrificial altar of Ru.
    46 | D        | Found a stormy altar of Qazlal.
    46 | D        | Found an iron altar of Okawaru.
    46 | D        | Found a sparkling altar of Nemelex Xobeh.
    46 | D        | Found a burning altar of Makhleb.
    46 | D        | Found a viscous altar of Jiyva.
    46 | D        | Found a hazy altar of Hepliaklqana.
    46 | D        | Found an opulent altar of Gozag.
    46 | D        | Found a blossoming altar of Fedhas.
    46 | D        | Found a white marble altar of Elyvilon.
    46 | D        | Found a shadowy altar of Dithmenos.
    46 | D        | Found a snail-covered altar of Cheibriados.
    48 | D        | Found a radiant altar of Vehumet.
    48 | D        | Found a corrupted altar of Lugonu.
    48 | D        | Found a roughly hewn altar of Beogh.
    49 | D        | Found an ancient bone altar of Kikubaaqudgha.
    49 | D        | Found a hide-covered altar of Uskayaw.
    49 | D        | Found a broken altar of Ashenzari.
    50 | D        | Became a worshipper of Sif Muna the Loreminder
    76 | D        | Reached * piety under Sif Muna
   102 | D        | Reached skill level 1 in Invocations
   102 | D        | Reached XP level 2. HP: 17/17 MP: 0/5
   105 | D        | Reached ** piety under Sif Muna
   110 | D        | Learned a level 2 spell: Scorch
   172 | D        | Reached XP level 3. HP: 21/21 MP: 1/7
   176 | D        | Learned a level 3 spell: Inner Flame
   255 | D        | Noticed a warg
   260 | D        | Noticed a bullfrog
   262 | D        | Noticed a wolf
   265 | D        | Noticed a sky beast
   347 | D        | Mangled by a warg

Illustrated notes

Levels and vault maps discovered:
D:        pitsprint [storerooms_1, entrance_room_1, metal_vault_8, armoury_3,
          mini_pit_1, grid_room_1, main_hall_1, silver_pit, the_coven_1,
          the_vestibule_1, steel_vault_4, golden_pit, hallway_of_sentries,
          crystal_vault_1, iron_vault_5, final_vault]

Skill      XL: |  1  2  3 |
---------------+----------+-----
Stealth        | 3 4 |  4.1
Conjurations   | 2 |  2.9
Fire Magic     | 4 |  4.3
Invocations    | 1 |  1.8
Spellcasting   | 3 |  3.4
Dodging        | 3 |  3.0

Action                     || total
---------------------------++-------
  Melee: Falchion          ||     9
         Constrict         ||     2
         Unarmed           ||     1
         Tentacles         ||     2
   Cast: Foxfire           ||    13
         Inner Flame       ||     1
    Use: Potion            ||     4
         Scroll            ||     2
   Stab: Sleeping          ||     1
 Armour: Skin              ||    12
  Dodge: Dodged            ||    13

Table legend: (Time is in decaauts)
 A = Elapsed time spent in this place.
 B = Non-inter-level travel time spent in this place.
 C = Inter-level travel time spent in this place.
 D = Time resting spent in this place.
 E = Time spent auto-exploring this place.
 F = Levels seen in this place.
 G = Mean time per level.
                   A        B        C        D        E       F      G
               +--------+--------+--------+--------+--------+-----+--------+
         Total |    359 |    359 |      0 |    129 |      0 |   1 |  359.0 |
       Dungeon |    359 |    359 |      0 |    129 |      0 |   1 |  359.0 |
               +--------+--------+--------+--------+--------+-----+--------+

Top non-repeatable levels by time:
       D: 359 daAuts
